 Dungeon Crawl Stone Soup version 0.19.0-24-gb05acd6 (webtiles) character file.

1633 grisgris the Covert (level 8, -4/55 HPs)
             Began as a Vampire Enchanter on Nov 20, 2016.
             Was a Follower of Dithmenos.
             Slain by Duvessa
             ... wielding a +2 short sword of holy wrath
              (15 damage)
             ... on level 5 of the Dungeon.
             The game lasted 00:17:36 (6535 turns).

grisgris the Covert (Vampire Enchanter)             Turns: 6535, Time: 00:17:37

Health: -4/55      AC:  5    Str:  7    XL:     8   Next: 66%
Magic:  4/15       EV: 13    Int: 19    God:    Dithmenos [*.....]
Gold:   224        SH:  0    Dex: 15    Spells: 3 memorised, 8 levels left

rFire  . . .     SeeInvis +     a - +1 dagger
rCold  + + .     Gourm    .     b - +1 robe
rNeg   + + +     Faith    .     (no shield)
rPois  ∞         Spirit   .     (no helmet)
rElec  .         Reflect  .     (no cloak)
rCorr  .         Harm     .     (no gloves)
MR     .....                    p - +1 pair of boots
Stlth  ++++++++..               (no amulet)
                                (no ring)
                                (no ring)

@: bloodless, non-regenerating, wreathed by umbra
A: fangs 3, see invisible, unbreathing
a: Bat Form, Renounce Religion


You were on level 5 of the Dungeon.
You worshipped Dithmenos.
Dithmenos was aware of your devotion.
You were bloodless.

You visited 2 branches of the dungeon, and saw 7 of its levels.
You also visited: Sewer.

You collected 224 gold pieces.

Inventory:

Hand Weapons
 a - a +1 dagger (weapon)
Armour
 b - a +1 robe (worn)
 p - a +1 pair of boots (worn)
Wands
 q - a wand of acid (11/15)
Scrolls
 g - 2 scrolls of fog
 k - 4 scrolls of teleportation
 n - 5 scrolls of remove curse
Potions
 d - a potion of blood
 f - 6 potions of flight
 h - 4 potions of curing
 i - a potion of haste
 j - a potion of brilliance
 l - a potion of agility
 m - 3 potions of heal wounds
 r - a potion of cancellation
 u - a potion of magic {unknown}
Books
 c - a book of Maledictions

   Spells                             Type                      Level
   a - Corona                         Hexes                        1
   b - Ensorcelled Hibernation        Hexes/Ice                    2
   c - Confuse                        Hexes                        3
   d - Tukima's Dance                 Hexes                        3
   e - Dazzling Spray                 Conjuration/Hexes            3
 t - a book of Conjurations

   Spells                             Type                      Level
   a - Magic Dart                     Conjuration                  1
   b - Searing Ray                    Conjuration                  2
   c - Dazzling Spray                 Conjuration/Hexes            3
   d - Fulminant Prism                Conjuration/Hexes            4
   e - Iskenderun's Mystic Blast      Conjuration                  4
   f - Iskenderun's Battlesphere      Conjuration/Charms           5


   Skills:
 + Level 1.7 Fighting
 + Level 4.1 Short Blades
 + Level 3.2 Dodging
 + Level 11.6 Stealth
 + Level 4.8 Spellcasting
 + Level 7.6 Hexes
 + Level 1.7 Ice Magic


You had 8 spell levels left.
You knew the following spells:

 Your Spells              Type           Power        Failure   Level  Hunger
a - Ensorcelled Hibernat  Hex/Ice        ###...       3%          2    #......
b - Confuse               Hex            ####....     1%          3    ##.....
c - Dazzling Spray        Conj/Hex       ###...       10%         3    ##.....


Dungeon Overview and Level Annotations

Branches:
Dungeon (6/15)             Temple (1/1) D:4

Altars:
Ashenzari
Cheibriados
Dithmenos
Elyvilon
Fedhas
Hepliaklqana
Kikubaaqudgha
Makhleb
Nemelex Xobeh
Okawaru
Qazlal
Ru
Sif Muna
Trog
Uskayaw
Vehumet
Xom
Zin
The Shining One

Shops:
D:4 (

Annotations:
D:4 Nicoed's ghost, amateur HOFi
D:5 Duvessa


Innate Abilities, Weirdness & Mutations

You do not heal naturally.
You are immune to poison.
You have razor-sharp teeth.
You have supernaturally acute eyesight. (SInv)
You can survive without breathing.


Message History

You hear a shout!
Duvessa hits you with a short sword of holy wrath!
You convulse!
There is a stone staircase leading up here.
Duvessa hits you with a short sword of holy wrath.
You convulse.
You climb upwards.
There is a stone staircase leading down here.
Casting: Ensorcelled Hibernation
Confirm with . or Enter, or press ? or * to list all spells.
Aiming: Confuse
Press: ? - help, Shift-Dir - straight line, f - Duvessa
Aim: Duvessa, wielding a short sword of holy wrath (berserk, fast, unusually strong, umbra, chance to defeat MR: 44%) Duvessa resists with some effort.
Duvessa misses you.
Duvessa hits you with a short sword of holy wrath!
You convulse.
Duvessa hits you with a short sword of holy wrath!
* * * LOW HITPOINT WARNING * * *
You convulse!
You die...

#.####### #.# #.##.#
#.......# #.# #.##.#
#.#####.# #.# #.##.#
#.# ##### ### #
#.##.#
#.###.####_###_#
#.(..#
#.##..##8...8...
#.####
#.....##........ ##.#
###
####..#>e........_#.#
#..
##.##@........####
#.# ####8...8...8##
#.# ###_###_## #.#
############ #.#
#..........# #.#
##########.######.#
#........# ##########


You could see Duvessa (berserk).

Vanquished Creatures
  A hippogriff (D:6)
  The ghost of bombpersons the Skirmisher, an amateur HuWn of Nemelex Xobeh (Sewer)
  A sky beast (D:5)
  2 ogres
  A phantom (D:5)
  A centaur (D:5)
  A big kobold (Sewer)
  A bullfrog (D:6)
  Blork the orc (D:6)
  Dowan (D:6)
  A water moccasin skeleton (D:6)
  A scorpion (D:5)
  A centaur zombie (D:5)
  An orc priest (D:6)
  4 hounds
  2 orc wizards (D:6)
  2 worker ants (D:6)
  8 adders
  5 gnolls
  4 oozes
  An adder zombie (D:5)
  2 worms
  A dart slug (D:1)
  11 leopard geckos
  10 orcs
  2 ball pythons
  5 bats
  12 giant cockroaches
  9 goblins
  3 hobgoblins (D:1)
  7 jackals
  11 kobolds
  A quokka (D:3)
  4 frilled lizards
  A leopard gecko skeleton (D:6)
  A leopard gecko zombie (D:5)
  A quokka zombie (D:5)
  13 rats
135 creatures vanquished.

Notes
Turn   | Place    | Note
-------+----------+-------------------------------------------
     0 | D:1      | grisgris the Vampire Enchanter began the quest for the Orb.
     0 | D:1      | Reached XP level 1. HP: 13/13 MP: 3/3
   360 | D:1      | Reached XP level 2. HP: 16/19 MP: 3/5
   364 | D:1      | Learned a level 2 spell: Ensorcelled Hibernation
   414 | D:1      | Reached skill level 5 in Stealth
   877 | D:1      | Reached XP level 3. HP: 24/24 MP: 6/6
   882 | D:1      | Learned a level 3 spell: Confuse
  1073 | D:1      | Reached skill level 5 in Hexes
  1541 | D:2      | Reached skill level 6 in Stealth
  1555 | D:2      | Reached XP level 4. HP: 30/30 MP: 3/7
  2287 | D:3      | Reached XP level 5. HP: 36/36 MP: 7/9
  2289 | D:3      | Reached skill level 7 in Stealth
  2421 | D:3      | Learned a level 3 spell: Dazzling Spray
  2858 | D:4      | Found an iron altar of Okawaru.
  2963 | D:4      | Noticed an ogre
  2968 | D:4      | Killed an ogre
  2968 | D:4      | Reached skill level 8 in Stealth
  2968 | D:4      | Reached XP level 6. HP: 38/42 MP: 7/10
  3072 | D:4      | Found a glowing drain.
  3094 | Sewer    | Entered a sewer
  3094 | Sewer    | Noticed bombpersons's ghost (amateur HuWn)
  3132 | Sewer    | Killed bombpersons's ghost
  3623 | Sewer    | Reached skill level 1 in Fighting
  3623 | Sewer    | Reached skill level 9 in Stealth
  3623 | Sewer    | Reached XP level 7. HP: 48/48 MP: 4/11
  3743 | Sewer    | Found a white marble altar of Elyvilon.
  3984 | D:4      | Found Noguqiwn's Weapon Boutique.
  4213 | D:4      | Found a staircase to the Ecumenical Temple.
  4222 | Temple   | Entered the Ecumenical Temple
  4406 | Temple   | Became a worshipper of Dithmenos the Shadowed
  4512 | D:4      | Noticed Nicoed's ghost (amateur HOFi)
  4577 | D:5      | Entered Level 5 of the Dungeon
  4598 | D:5      | Reached skill level 1 in Ice Magic
  4620 | D:5      | HP: 2/48 [centaur zombie (4)]
  4869 | D:5      | Found a hazy altar of Hepliaklqana.
  5056 | D:5      | Reached skill level 10 in Stealth
  5258 | D:5      | Found a deep blue altar of Sif Muna.
  5258 | D:5      | Found a snail-covered altar of Cheibriados.
  5534 | D:5      | Found an ancient bone altar of Kikubaaqudgha.
  5534 | D:5      | Found a shimmering altar of Xom.
  5602 | D:5      | Reached XP level 8. HP: 41/54 MP: 11/14
  5891 | D:6      | Noticed Blork the orc
  5896 | D:6      | Killed Blork the orc
  6041 | D:6      | Noticed a hippogriff
  6045 | D:6      | Killed a hippogriff
  6045 | D:6      | Reached * piety under Dithmenos
  6045 | D:6      | Reached skill level 11 in Stealth
  6219 | D:5      | Found a radiant altar of Vehumet.
  6219 | D:5      | Found a bloodstained altar of Trog.
  6519 | D:6      | Noticed Duvessa
  6521 | D:6      | Noticed Dowan
  6528 | D:6      | Killed Dowan
  6535 | D:5      | Slain by Duvessa

Skill      XL: |  1  2  3  4  5  6  7  8 |
---------------+-------------------------+-----
Stealth        | 5 6 8 9 10 11 | 11.6
Hexes          | 5 6 7 |  7.6
Short Blades   | 2 3 4 |  4.1
Spellcasting   | 3 4 |  4.8
Fighting       | 1 |  1.7
Ice Magic      | 1 |  1.7
Dodging        | 3 |  3.2

Action                   |  1- 3 |  4- 6 |  7- 9 || total
-------------------------+-------+-------+-------++-------
Melee: Dagger            |    99 |    97 |   165 ||   361
       Bite              |     6 |     7 |    10 ||    23
       Unarmed           |       |       |     1 ||     1
 Cast: Corona            |    11 |       |       ||    11
       Ensorcelled Hiber |    22 |    14 |    36 ||    72
       Confuse           |       |     7 |    16 ||    23
 Abil: End Transformatio |       |       |     3 ||     3
       Bat Form          |       |       |     3 ||     3
  Use: Scroll            |     4 |     4 |    10 ||    18
       Potion            |       |     3 |       ||     3
 Stab: Sleeping          |    21 |    33 |    36 ||    90
       Confused          |       |     4 |    10 ||    14
  Eat: Corpse            |       |     1 |     2 ||     3
Armor: Robe              |    36 |    17 |    29 ||    82
Dodge: Dodged            |    64 |    46 |    87 ||   197
